 Dungeon Crawl Stone Soup version 0.29-a0-289-g2178c42546 (webtiles) character file.

Game seed: 10073072442220005710

1062 kae the Cleaver (level 8, -1/71 HPs)
             Began as a Hill Orc Fighter on Mar 17, 2022.
             Succumbed to a gnoll sergeant's poison
             ... on level 6 of the Dungeon.
             The game lasted 00:03:31 (5515 turns).

kae the Cleaver (Hill Orc Fighter)                  Turns: 5515, Time: 00:03:32

Health: -1/71      AC: 31    Str: 27    XL:     8   Next: 27%
Magic:  8/8        EV: 22    Int:  8    God:
Gold:   224        SH:  4    Dex: 10    Spells: 7/7 levels left

rFire   + . .      SeeInvis .   a - +0 war axe
rCold   . . .      Faith    .   c - +0 buckler
rNeg    . . .      Spirit   .   m - +15 Maxwell's patent armour {-Cast -Tele rElec Will+ rCorr}
rPois   .          Reflect  .   (no helmet)
rElec   +          Harm     .   o - +1 cloak
rCorr   +          Rampage  .   s - +0 pair of gloves
Will    +....      NoTele   +   (no boots)
Stlth   .......... NoCast   +   k - amulet of the acrobat
HPRegen 0.21/turn               h - +6 ring of strength
MPRegen 0.11/turn               i - ring of protection from fire

@: lethally poisoned (-1 -> -9), acrobatic
A: no striking features
a: no special abilities


You were on level 6 of the Dungeon.
You visited 1 branch of the dungeon, and saw 6 of its levels.

You collected 224 gold pieces.

Inventory:

Hand Weapons
 a - a +0 war axe (weapon)
Armour
 c - a +0 buckler (worn)
 m - the +15 Maxwell's patent armour (worn) {-Cast -Tele rElec Will+ rCorr}
   (You acquired it on level 1 of the Dungeon)

   rElec:     It insulates you from electricity.
   -Cast:     It prevents spellcasting.
   -Tele:     It prevents most forms of teleportation.
   rCorr:     It protects you from acid and corrosion.
   Will:      It increases your willpower.
 o - a +1 cloak (worn)
 s - a +0 pair of gloves (worn)
Jewellery
 h - a +6 ring of strength (left hand)
 i - a ring of protection from fire (right hand)
 k - an amulet of the acrobat (around neck)
 n - a ring of see invisible
 p - a ring of poison resistance
 r - a +4 ring of slaying
Scrolls
 e - a scroll of silence
 q - a scroll of amnesia
 v - a scroll of fear
Potions
 d - 2 potions of might
 j - a potion of magic
 l - 2 potions of berserk rage
 t - a potion of lignification
 u - a potion of attraction


   Skills:
 + Level 6.7 Fighting
 * Level 9.1 Axes
 + Level 6.0 Armour
 - Level 3.2 Shields


You had 7 spell levels left.
You didn't know any spells.
Your spell library contained the following spells:

 Spells                   Type           Power      Damage    Failure   Level
 Slow                     Hex            0%         N/A       100%        1
 Call Canine Familiar     Summ           0%         N/A       100%        3
 Confusing Touch          Hex            0%         N/A       100%        3
 Portal Projectile        Hex/Tloc       0%         N/A       100%        3
 Vampiric Draining        Necr           0%         2d6       100%        3
 Leda's Liquefaction      Hex/Erth       0%         N/A       100%        4


Dungeon Overview and Level Annotations

Branches:
Dungeon (6/15)             Temple (0/1) D:6

Altars:
Cheibriados

Shops:
D:3 =


Message History

You kill the gnoll!
You feel sick. The gnoll hits you but does no damage.
The gnoll sergeant barely misses you.
You closely miss the gnoll.
The gnoll is severely wounded.
You feel sick. The gnoll hits you with a +0 flail!
* * * LOW HITPOINT WARNING * * *
You block the gnoll sergeant's attack.
You feel much better.
You feel sick. The gnoll barely misses you.
The gnoll sergeant hits you from afar with a +4 trident of venom!
You are more poisoned.
You closely miss the gnoll.
The gnoll is severely wounded.
You feel very sick. The gnoll hits you but does no damage.
The gnoll sergeant hits you from afar with a +4 trident of venom.
You are more poisoned.
The gnoll barely misses you.
The gnoll sergeant hits you but does no damage.
You are lethally poisoned!
You hit the gnoll but do no damage.
The gnoll is severely wounded.
* * * LOW HITPOINT WARNING * * *
You feel extremely sick. You block the gnoll sergeant's attack.
You block the gnoll's attack.
As you read the scroll of fear, it crumbles to dust.
You assume a fearsome visage.
The gnoll sergeant looks frightened!
The gnoll looks frightened!
* * * LOW HITPOINT WARNING * * *
You feel very sick.
Okay, then.
Okay, then.
* * * LOW HITPOINT WARNING * * *
You feel very sick.
* * * LOW HITPOINT WARNING * * *
You feel very sick.
Found a long sword.
* * * LOW HITPOINT WARNING * * *
You feel very sick.
You die...

ยง ####.##.#....#
#.....#.#....#
#.....#.#....# #+
######.....#.#....#
...##............######
.................#
#...#...........#
#.#...)).....>.#
#@.#.........#
#.$..##...........
.....>. ...........
..##....#....#.....
..#.g..#...#.....
...#.#..#.###..... ..)
.. .# .. ..


You could see a gnoll sergeant (fleeing).

Vanquished Creatures
  An ice beast (D:3)
  A phantom (D:6)
  2 scorpions (D:5)
  3 necrophages
  A hound (D:6)
  2 jellies (D:5)
  An orc priest (D:4)
  4 iguanas
  2 orc wizards (D:4)
  17 gnolls
  8 adders
  A white imp (D:4)
  A worm (D:2)
  5 dart slugs
  7 orcs (D:4)
  12 endoplasms
  2 giant cockroaches
  5 hobgoblins
  2 jackals (D:5)
  2 quokkas
  8 ball pythons
  9 bats
  2 frilled lizards
  5 goblins
  9 kobolds
  4 rats
116 creatures vanquished.

Notes
Turn   | Place    | Note
-------+----------+-------------------------------------------
     0 | D:1      | kae the Hill Orc Fighter began the quest for the Orb.
     0 | D:1      | Reached XP level 1. HP: 19/19 MP: 1/1
   212 | D:1      | Reached skill level 3 in Axes
   423 | D:1      | Reached XP level 2. HP: 27/27 MP: 2/2
  1244 | D:2      | Reached XP level 3. HP: 22/33 MP: 3/3
  1396 | D:2      | Reached skill level 4 in Axes
  1601 | D:1      | Reached XP level 4. HP: 28/40 MP: 4/4
  2342 | D:2      | Reached skill level 5 in Axes
  2616 | D:3      | Reached XP level 5. HP: 47/47 MP: 5/5
  3249 | D:3      | Found Sotig's Jewellery Boutique.
  3421 | D:3      | Noticed an ice beast
  3430 | D:3      | Killed an ice beast
  3431 | D:3      | Reached skill level 5 in Fighting
  3431 | D:3      | Reached skill level 6 in Axes
  3431 | D:3      | Reached XP level 6. HP: 25/56 MP: 6/6
  3703 | D:1      | Identified a scroll of acquirement
  3703 | D:1      | Acquired the +15 Maxwell's patent armour {-Cast -Tele rElec
                  | Will+ rCorr}
  3703 | D:1      | Found the +15 Maxwell's patent armour {-Cast -Tele rElec
                  | Will+ rCorr}
  3943 | D:4      | Reached skill level 7 in Axes
  3943 | D:4      | Reached skill level 5 in Armour
  3943 | D:4      | Reached XP level 7. HP: 57/61 MP: 7/7
  4579 | D:5      | Entered Level 5 of the Dungeon
  4655 | D:5      | Found a snail-covered altar of Cheibriados.
  4665 | D:5      | Reached skill level 8 in Axes
  5409 | D:6      | Reached XP level 8. HP: 63/71 MP: 8/8
  5485 | D:6      | Reached skill level 9 in Axes
  5494 | D:6      | Found a staircase to the Ecumenical Temple.
  5514 | D:6      | HP: 1/71 [poisoned by a gnoll sergeant]
  5515 | D:6      | Succumbed to a gnoll sergeant's poison

Illustrated notes

Levels and vault maps discovered:
D:1:      shiori_arrival_maze, layout_basic, hangedman_decor_clover_reticule,
          roderic_serpentine_path
D:2:      layout_loops_ring, kennysheep_generic_room_12
D:3:      layout_basic, serial_shops, shop_statue
D:4:      layout_loops_ring
D:5:      layout_basic, cheibriados_altar_2
D:6:      kennysheep_big_flooded_room, layout_basic, elyvilon_altar_5,
          minmay_temple_entry_mini_moons

Skill      XL: |  1  2  3  4  5  6  7  8 |
---------------+-------------------------+-----
Axes           | 3 4 5 6 7 8 9 |  9.1
Fighting       | 4 5 6 |  6.7
Armour         | 4 5 6 |  6.0
Shields        | |  3.2

Action                   |  1- 3 |  4- 6 |  7- 9 || total
-------------------------+-------+-------+-------++-------
Melee: War axe           |    85 |   152 |   133 ||   370
  Use: Scroll            |     4 |     4 |     5 ||    13
       Potion            |     4 |       |     2 ||     6
Armor: Scale mail        |    31 |    51 |       ||    82
       Plate armour      |       |    30 |    87 ||   117
Dodge: Dodged            |    49 |    71 |    56 ||   176
Block: Buckler           |    25 |    29 |    37 ||    91

Table legend: (Time is in decaauts)
 A = Elapsed time spent in this place.
 B = Non-inter-level travel time spent in this place.
 C = Inter-level travel time spent in this place.
 D = Time resting spent in this place.
 E = Time spent auto-exploring this place.
 F = Levels seen in this place.
 G = Mean time per level.
                   A        B        C        D        E       F      G
               +--------+--------+--------+--------+--------+-----+--------+
         Total |   5589 |   5282 |    307 |    301 |   4076 |   6 |  931.5 |
       Dungeon |   5589 |   5282 |    307 |    301 |   4076 |   6 |  931.5 |
               +--------+--------+--------+--------+--------+-----+--------+

Top non-repeatable levels by time:
     D:2: 1437 daAuts
     D:1: 1318 daAuts
     D:3: 1068 daAuts
     D:4: 820 daAuts
     D:5: 799 daAuts
     D:6: 145 daAuts
